 Dungeon Crawl Stone Soup version 0.28.0 (webtiles) character file.

Game seed: 2392330432447655123

305 Morbidden the Gusty (level 6, -7/44 HPs)
             Began as a Demonspawn Air Elementalist on Feb 16, 2022.
             Killed from afar by Blork the orc (8 damage)
             ... with a puff of frost
             ... on level 4 of the Dungeon.
             The game lasted 00:07:26 (4369 turns).

Morbidden the Gusty (Demonspawn Air Elementalist)   Turns: 4369, Time: 00:07:26

Health: -7/44      AC:  8    Str:  8    XL:     6   Next: 16%
Magic:  10/11      EV: 12    Int: 21    God:
Gold:   152        SH:  0    Dex: 15    Spells: 5/12 levels left

rFire   . . .      SeeInvis .   g - +0 dagger
rCold   . . .      Faith    .   (no shield)
rNeg    . . .      Spirit   .   a - +0 robe
rPois   .          Reflect  .   (helmet restricted)
rElec   .          Harm     .   (no cloak)
rCorr   .          Rampage  .   (no gloves)
Will    .....                   (no boots)
Stlth   ++........              (no amulet)
HPRegen 0.14/turn               (no ring)
MPRegen 0.24/turn               (no ring)

@: mighty, sanguine armoured, hasted, very quick
A: hooves 1, powered by pain 1, magic regeneration, sanguine armour 1, horns 1,
agile 1, clever 1
a: no special abilities


You were on level 4 of the Dungeon.
You visited 1 branch of the dungeon, and saw 4 of its levels.

You collected 152 gold pieces.

Inventory:

Hand Weapons
 g - a +0 dagger (weapon)
Armour
 a - a +0 robe (worn)
Jewellery
 k - a +6 ring of intelligence
Scrolls
 b - 5 scrolls of identify
 c - 3 scrolls of teleportation
 f - a scroll of vulnerability {unknown}
 h - a scroll of enchant weapon {unknown}
 i - 6 scrolls of fog {unknown}
 l - a scroll of enchant armour {unknown}
 m - a scroll of amnesia {unknown}
 n - a scroll of noise {unknown}
 o - a scroll of magic mapping {unknown}
 p - a scroll of fear {unknown}
Potions
 e - a potion of flight {unknown}


   Skills:
 * Level 2.0 Fighting
 + Level 0.1 Short Blades
 + Level 1.9 Dodging
 + Level 2.0 Stealth
 * Level 3.5 Spellcasting
 * Level 2.8 Conjurations
 * Level 4.1 Air Magic


You had 5 spell levels left.
You knew the following spells:

 Your Spells              Type           Power      Damage    Failure   Level
a - Shock                 Conj/Air       72%        1d7       3%          1
b - Static Discharge      Conj/Air       18%        N/A       4%          2
c - Airstrike             Air            10%        N/A       22%         4

Your spell library contained the following spells:

 Spells                   Type           Power      Damage    Failure   Level
 Swiftness                Air            21%        N/A       7%          3


Dungeon Overview and Level Annotations

Branches:
Dungeon (4/15)
 Temple: D:4-7

Altars:
Kikubaaqudgha
Uskayaw

Shops:
D:3 =[*

Annotations:
D:4 2 transporters, Blork the orc, Natasha


Innate Abilities, Weirdness & Mutations

You have large cloven feet.
You sometimes gain a little power by taking damage.
You regenerate magic rapidly.
When seriously injured, your blood forms armour. (AC +6)
You have a pair of small horns on your head.
You are agile. (Dex +2)
Your mind is acute. (Int +2)


Message History

* * * LOW HITPOINT WARNING * * *
Unknown command.
Unknown command.
Unknown command.
Blork the orc drinks a potion.
Blork the orc is healed!
Your magical contamination has completely faded away.
Unknown command.
Unknown command.
Okay, then.
Okay, then.
It was a potion of mutation.
You feel extremely strange.
You feel clever. A pair of horns grows on your head!
You feel agile. Blork the orc closely misses you.
Blork the orc gestures at you while chanting.
The magic dart hits you.
* * * LOW HITPOINT WARNING * * *
Blork the orc barely misses you.
Unknown command.
Okay, then.
Sorry, you're not good enough to have a special ability.
Sorry, you're not good enough to have a special ability.
Unknown command.
Unknown command.
You remove your +6 ring of intelligence.
You feel stupid. Blork the orc closely misses you.
Unknown command.
Sorry, you're not good enough to have a special ability.
Unknown command.
You feel yourself speed up. Blork the orc misses you.
Unknown command.
Unknown command.
Blork the orc hits you with a +0 battleaxe.
* * * LOW HITPOINT WARNING * * *
Unknown command.
Found a stone staircase leading down.
Unknown command.
Blork the orc gestures at you while chanting.
The puff of frost hits you!
You die...

#...# #.... #.... ##...
######### ##... ##..#....####
#.... #...........## .. #
#.... ###..........#
...#.#.... ##.....@.#)
.....#...# ######.......##...
#......# #..........o......>
.##.....#
#.####.........).........#...
#...###....###....#.#....#...
####.#.###...#......##
##...#...
#............#..###...
####.#)..
#.####.####.....######
..#......
#.#.......#..)...... #.......


You could see Blork the orc (fast).

Vanquished Creatures
  A black bear (D:4)
  A jelly (D:4)
  A hound (D:4)
  Ijyb (D:4)
  Natasha (D:4)
  3 adders
  2 adder skeletons (D:4)
  A worm (D:2)
  2 dart slugs
  6 orcs
  5 endoplasms
  2 giant cockroaches
  7 goblins
  7 hobgoblins
  7 kobolds
  4 quokkas
  4 ball pythons
  3 bats
  2 frilled lizards
  6 rats
66 creatures vanquished.

Notes
Turn   | Place    | Note
-------+----------+-------------------------------------------
     0 | D:1      | Morbidden the Demonspawn Air Elementalist began the quest
                  | for the Orb.
     0 | D:1      | Reached XP level 1. HP: 13/13 MP: 3/3
   490 | D:1      | Reached skill level 3 in Air Magic
   617 | D:1      | Gained mutation: You regenerate magic rapidly. [demonic
                  | ancestry]
   617 | D:1      | Reached XP level 2. HP: 19/19 MP: 0/5
   657 | D:1      | Learned a level 2 spell: Static Discharge
  1401 | D:2      | Gained mutation: You have large cloven feet. [demonic
                  | ancestry]
  1401 | D:2      | Reached XP level 3. HP: 10/24 MP: 0/6
  2578 | D:3      | Found Wesuitot's Jewellery Shoppe.
  2609 | D:3      | Found Kethaifi's General Store.
  2891 | D:3      | Reached XP level 4. HP: 22/31 MP: 1/7
  3000 | D:3      | Found a hide-covered altar of Uskayaw.
  3110 | D:3      | Found a faded altar of an unknown god.
  3302 | D:3      | Found Arphuyse's Antique Armour Shoppe.
  3427 | D:4      | Found a transporter.
  3427 | D:4      | Found a transporter.
  3433 | D:4      | Noticed a black bear
  3491 | D:4      | Reached skill level 1 in Fighting
  3492 | D:4      | Killed a black bear
  3493 | D:4      | Gained mutation: When seriously injured, your blood forms
                  | armour. (AC +6) [demonic ancestry]
  3493 | D:4      | Reached XP level 5. HP: 37/37 MP: 0/9
  3599 | D:4      | Reached skill level 4 in Air Magic
  3749 | D:4      | Noticed Natasha
  3904 | D:4      | Killed Natasha
  4091 | D:4      | Noticed Ijyb
  4091 | D:4      | Noticed Blork the orc
  4114 | D:4      | Gained mutation: You sometimes gain a little power by
                  | taking damage. [demonic ancestry]
  4114 | D:4      | Reached XP level 6. HP: 23/44 MP: 6/10
  4120 | D:4      | Found an ancient bone altar of Kikubaaqudgha.
  4123 | D:4      | Noticed Natasha
  4263 | D:4      | Learned a level 4 spell: Airstrike
  4358 | D:4      | Killed Ijyb
  4361 | D:4      | Gained mutation: Your mind is acute. (Int +2) [potion of
                  | mutation]
  4361 | D:4      | Gained mutation: You have a pair of small horns on your
                  | head. [potion of mutation]
  4361 | D:4      | Gained mutation: You are agile. (Dex +2) [potion of
                  | mutation]
  4361 | D:4      | HP: 2/44 [Blork the orc/magic dart (4)]
  4366 | D:4      | HP: 1/44 [Blork the orc (1)]
  4369 | D:4      | Killed from afar by Blork the orc

Illustrated notes

Levels and vault maps discovered:
D:1:      dpeg_arrival_castle, layout_loops_corners
D:2:      wad_river_or_something, layout_basic
D:3:      layout_basic, mainiacjoe_overflow_paths,
          dreamdust_ecumenical_altar_hidden_monk_grotto, serial_shops,
          shop_statue, nicolae_shop_trees, nicolae_lakefront_shop,
          hex_intersection
D:4:      layout_cave_pools, lemuel_tele_altar, gammafunk_ghost_abyssal_escape,
          uniq_ijyb, uniq_natasha, uniq_blork_the_orc, uniq_pikel

Skill      XL: |  1  2  3  4  5 |
---------------+----------------+-----
Air Magic      | 3 4 |  4.1
Fighting       | 1 2 |  2.0
Stealth        | 2 |  2.0
Spellcasting   | 3 |  3.5
Conjurations   | 2 |  2.8
Short Blades   | |  0.1
Dodging        | |  1.9

Action                   |  1- 3 |  4- 6 || total
-------------------------+-------+-------++-------
Melee: Unarmed           |     3 |       ||     3
       Dagger            |    19 |     3 ||    22
       Kick              |       |     1 ||     1
 Cast: Shock             |    96 |    75 ||   171
       Static Discharge  |     1 |     1 ||     2
       Airstrike         |       |     2 ||     2
  Use: Scroll            |     1 |     2 ||     3
       Potion            |       |     3 ||     3
Armor: Robe              |     6 |     3 ||     9
Dodge: Dodged            |    39 |    16 ||    55
